 Dungeon Crawl Stone Soup version 0.20.1-1-g8b1a95d (webtiles) character file.

1981 HuneSparrow the Slasher (level 9, -1/69 HPs)
             Began as a Demonspawn Fighter on Aug 11, 2017.
             Slain by an orc warrior
             ... wielding a +0 long sword
              (5 damage)
             ... on level 7 of the Dungeon.
             The game lasted 00:20:17 (7367 turns).

HuneSparrow the Slasher (Demonspawn Fighter)        Turns: 7367, Time: 00:20:18

Health: -1/69      AC: 12    Str: 23    XL:     9   Next: 1%
Magic:  9/9        EV:  8    Int: 10    God:
Gold:   333        SH:  0    Dex: 13    Spells: 8/8 levels left

rFire    . . .     SeeInvis .   a - +0 long sword
rCold    . . .     Gourm    .   c - +0 shield
rNeg     . . .     Faith    .   b - +0 scale mail
rPois    .         Spirit   .   (helmet restricted)
rElec    .         Reflect  .   (no cloak)
rCorr    .         Harm     .   g - +0 pair of gloves
MR       .....                  n - +0 pair of boots
Stlth    ..........             z - amulet of rage
Regen    0.3/turn               q - +4 ring of strength
MPRegen  0.2/turn               (no ring)

@: confused
A: antennae 2, molten scales 1, powered by death 1, powered by pain 1
a: Evoke Berserk Rage


You were on level 7 of the Dungeon.
You were not hungry.

You visited 1 branch of the dungeon, and saw 7 of its levels.

You collected 333 gold pieces.

Inventory:

Hand Weapons
 a - a +0 long sword (weapon)
Armour
 b - a +0 scale mail (worn)
 c - a +0 shield (worn)
 g - a +0 pair of gloves (worn)
 n - a +0 pair of boots (worn)
Jewellery
 q - a +4 ring of strength (left hand)
 z - an amulet of rage (around neck)
Wands
 v - a wand of lightning (0/15)
 C - a wand of confusion (23/48)
Scrolls
 d - a scroll of recharging {unknown}
 e - 4 scrolls of teleportation
 i - 3 scrolls of fear
 m - 3 scrolls of remove curse
 r - 3 scrolls of enchant armour {unknown}
 t - 2 scrolls of magic mapping {unknown}
 u - 3 scrolls of immolation {unknown}
 x - 2 scrolls of enchant weapon {unknown}
 A - 2 scrolls of blinking {unknown}
 E - 2 scrolls of identify
Potions
 h - a potion of magic
 j - 2 potions of flight
 k - a potion of haste
 o - a potion of lignification
 w - a potion of resistance
 B - a potion of curing {unknown}
 D - a potion of agility {unknown}
Books
 y - a book of Misfortune

   Spells                             Type                      Level
   a - Confusing Touch                Hexes                        1
   b - Confuse                        Hexes                        3
   c - Gell's Gravitas                Translocation                3
   d - Petrify                        Transmutation/Earth          4
   e - Metabolic Englaciation         Hexes/Ice                    5
   f - Yara's Violent Unravelling     Hexes/Transmutation          5
 F - a book of Necromancy

   Spells                             Type                      Level
   a - Pain                           Necromancy                   1
   b - Animate Skeleton               Necromancy                   1
   c - Vampiric Draining              Necromancy                   3
   d - Regeneration                   Charms/Necromancy            3
   e - Animate Dead                   Necromancy                   4
   f - Control Undead                 Necromancy                   4
Comestibles
 f - 2 bread rations
 p - 4 fruits
 s - 3 meat rations
 G - a royal jelly


   Skills:
 + Level 6.0 Fighting
 * Level 7.0 Long Blades
 + Level 5.5 Armour
 + Level 5.4 Shields


You had 8 spell levels left.
You didn't know any spells.

Dungeon Overview and Level Annotations

Branches:
Dungeon (7/15)
 Temple: D:4-7

Altars:
Dithmenos
Fedhas
Sif Muna
Xom
Yredelemnul

Annotations:
D:4 Grinder


Innate Abilities, Weirdness & Mutations

You have a pair of antennae on your head.
You are partially covered in molten scales. (AC +2)
You regenerate a little health from kills.
You sometimes gain a little power by taking damage.


Message History

The orc warrior is lightly wounded.
The orc warrior hits you but does no damage.
You hit the orc warrior but do no damage.
The orc warrior is lightly wounded.
The orc warrior hits you with a long sword.
You closely miss the orc warrior.
The orc warrior is lightly wounded.
The orc warrior hits you with a long sword!
* * * LOW HITPOINT WARNING * * *
You slash the orc warrior!
The orc warrior is severely wounded.
You block the orc warrior's attack.
You hit the orc warrior but do no damage.
The orc warrior is severely wounded.
The orc warrior hits you with a long sword!
* * * LOW HITPOINT WARNING * * *
You are confused.
You feel invigorated.
The orc warrior hits you with a long sword.
You die...

####
########...#
.........$.####
##...o.......
#.<.<@..#
#...)...#
#....<+##
...#....# ...
##$.## .. ##.#
. #.# #.#


You could see an orc warrior.

Vanquished Creatures
  The ghost of vlindergert the Skirmisher, an amateur HOFi (D:3)
  3 sky beasts
  An ice beast (D:6)
  5 ogres
  2 centaurs
  3 bullfrogs (D:6)
  2 scorpions
  3 crimson imps (D:6)
  2 jellies
  2 hounds (D:6)
  An orc wizard (D:5)
  An iguana (D:5)
  Natasha (D:2)
  A worker ant (D:6)
  A hound skeleton (D:6)
  A worker ant zombie (D:5)
  8 gnolls
  A howler monkey skeleton (D:5)
  5 adders
  2 worms
  3 dart slugs
  4 leopard geckos
  14 orcs
  6 giant cockroaches
  17 goblins
  8 hobgoblins
  5 jackals
  A quokka (D:4)
  2 ball pythons
  10 bats
  7 frilled lizards
  9 kobolds
  A leopard gecko skeleton (D:3)
  A quokka skeleton (D:5)
  9 rats
143 creatures vanquished.

Notes
Turn   | Place    | Note
-------+----------+-------------------------------------------
     0 | D:1      | HuneSparrow the Demonspawn Fighter began the quest for the Orb.
     0 | D:1      | Reached XP level 1. HP: 18/18 MP: 1/1
    89 | D:1      | Reached skill level 2 in Long Blades
   124 | D:1      | Gained mutation: You are partially covered in molten scales. (AC +2) [demonic ancestry]
   124 | D:1      | Reached XP level 2. HP: 10/24 MP: 2/2
   683 | D:1      | Reached XP level 3. HP: 24/29 MP: 3/3
  1604 | D:2      | Noticed Natasha
  1610 | D:2      | Killed Natasha
  1610 | D:2      | Reached skill level 3 in Long Blades
  1610 | D:2      | Gained mutation: You regenerate a little health from kills. [demonic ancestry]
  1610 | D:2      | Reached XP level 4. HP: 35/35 MP: 4/4
  1666 | D:2      | Found a shadowy altar of Dithmenos.
  1976 | D:3      | Noticed vlindergert's ghost (amateur HOFi)
  1990 | D:3      | Killed vlindergert's ghost
  1990 | D:3      | Gained mutation: You sometimes gain a little power by taking damage. [demonic ancestry]
  1990 | D:3      | Reached XP level 5. HP: 32/42 MP: 5/5
  2258 | D:3      | Gained mutation: You have a pair of small antennae on your head. [demonic ancestry]
  2258 | D:3      | Reached XP level 6. HP: 47/48 MP: 6/6
  2417 | D:3      | Reached skill level 4 in Long Blades
  2562 | D:4      | Found a basalt altar of Yredelemnul.
  2576 | D:4      | Found a blossoming altar of Fedhas.
  2632 | D:4      | Noticed Grinder
  2765 | D:4      | Paralysed by Grinder for 3 turns
  3101 | D:4      | Reached XP level 7. HP: 32/55 MP: 7/7
  3382 | D:4      | Found a shimmering altar of Xom.
  3669 | D:5      | Entered Level 5 of the Dungeon
  4092 | D:5      | Reached skill level 5 in Long Blades
  4558 | D:5      | Reached skill level 5 in Fighting
  4852 | D:5      | Found a deep blue altar of Sif Muna.
  5142 | D:5      | Gained mutation: You have a pair of antennae on your head. [demonic ancestry]
  5142 | D:5      | Reached XP level 8. HP: 28/62 MP: 8/8
  5352 | D:6      | Noticed a six-headed hydra
  6003 | D:6      | Reached skill level 6 in Long Blades
  6003 | D:6      | Reached skill level 5 in Armour
  6210 | D:6      | HP: 1/63 [centaur/wand of lightning (?/15) (13)]
  6472 | D:6      | Reached skill level 5 in Shields
  7052 | D:5      | Reached skill level 7 in Long Blades
  7290 | D:6      | Reached XP level 9. HP: 68/69 MP: 9/9
  7366 | D:7      | HP: 1/69 [orc warrior/long sword (10)]
  7367 | D:7      | Slain by an orc warrior

Skill      XL: |  1  2  3  4  5  6  7  8 |
---------------+-------------------------+-----
Long Blades    | 2 3 4 5 7 |  7.0
Armour         | 3 4 5 |  5.5
Shields        | 3 4 5 |  5.4
Fighting       | 4 5 6 |  6.0

Action                   |  1- 3 |  4- 6 |  7- 9 || total
-------------------------+-------+-------+-------++-------
Melee: Long sword        |   185 |   162 |   375 ||   722
  Use: Potion            |       |     1 |     2 ||     3
       Scroll            |       |     2 |     9 ||    11
  Eat: Chunk             |     3 |     5 |    12 ||    20
       Bread ration      |       |       |     1 ||     1
Armor: Scale mail        |   111 |    71 |   176 ||   358
Dodge: Dodged            |    61 |    67 |    90 ||   218
Block: Shield            |   100 |    90 |   188 ||   378
       Rpst.: Long sword |    20 |    24 |    26 ||    70
